| TOP OF THE 1ST |
|
Phoenix Giants batting - Pitching for Tucson Toros : RHP Rex Jackson
|
|
Pitching: RHP Rex Jackson
|
|
|
Batting: LHB Gordon Hahn
|
0-0: Ball 1-0: Swinging Strike 1-1: Ground out 6-3 (Groundball, 56, EV 90.6 MPH)
|
|
Batting: LHB Ernie Riles
|
0-0: Ball 1-0: Ball 2-0: Called Strike 2-1: Foul Ball, location: 2F 2-2: Ground out 4-3 (Groundball, 4S, EV 87.5 MPH)
|
|
Batting: SHB John Macauley
|
0-0: Ball 1-0: Ball 2-0: Called Strike 2-1: Called Strike 2-2: Ball 3-2: Fly out, F4 (Flyball, 4D, EV 80.6 MPH)
|
| Top of the 1st over - 0 runs, 0 hits, 0 errors, 0 left on base; Phoenix 0 - Tucson 0 |
| BOTTOM OF THE 1ST |
|
Tucson Toros batting - Pitching for Phoenix Giants : RHP Phil Huffman
|
|
Pitching: RHP Phil Huffman
|
|
|
Batting: LHB Danny Garcia
|
0-0: Foul Ball, location: 2F 0-1: Ball 1-1: Foul Ball, location: 2F 1-2: Ball 2-2: Strikes out looking
|
|
Batting: RHB Talmadge Tanks
|
0-0: Swinging Strike 0-1: Swinging Strike 0-2: Ball 1-2: Strikes out swinging
|
|
Batting: RHB Kevin McReynolds
|
0-0: Foul Ball, location: 2F 0-1: Ball 1-1: Foul Ball, location: 2F 1-2: Ball 2-2: Ball 3-2: Strikes out swinging
|
| Bottom of the 1st over - 0 runs, 0 hits, 0 errors, 0 left on base; Phoenix 0 - Tucson 0 |
| TOP OF THE 2ND |
|
Phoenix Giants batting - Pitching for Tucson Toros : RHP Rex Jackson
|
|
Batting: RHB Billy L Smith
|
0-0: Ball 1-0: Called Strike 1-1: Ball 2-1: SINGLE (Groundball, 6D, EV 96.3 MPH)
|
|
Batting: LHB Bobby V Mitchell
|
0-0: Ball 1-0: Fielders Choice at 2nd, 4-6 (Groundball, 4, EV 80.6 MPH)
|
|
Batting: LHB Raymond Rivas
|
0-0: Ball 1-0: Ball 2-0: Ball 3-0: Foul Ball, location: 2F 3-1: Swinging Strike 3-2: Strikes out swinging
|
|
Batting: LHB Joseph Bruno
|
0-0: Called Strike 0-1: Called Strike 0-2: Strikes out swinging
|
| Top of the 2nd over - 0 runs, 1 hit, 0 errors, 1 left on base; Phoenix 0 - Tucson 0 |
| BOTTOM OF THE 2ND |
|
Tucson Toros batting - Pitching for Phoenix Giants : RHP Phil Huffman
|
|
Batting: LHB Tim Krauss
|
0-0: SINGLE (Groundball, 56S, EV 71.9 MPH) (infield hit)
|
|
Batting: LHB Pat Dodson
|
0-0: Foul Ball, location: 2F 0-1: Grounds into double play, 4-6-3 (Groundball, 4S, EV 84.4 MPH)
|
|
Batting: RHB David Holmes
|
0-0: Called Strike 0-1: Ball 1-1: Foul Ball, location: 2F 1-2: Strikes out swinging
|
| Bottom of the 2nd over - 0 runs, 1 hit, 0 errors, 0 left on base; Phoenix 0 - Tucson 0 |
| TOP OF THE 3RD |
|
Phoenix Giants batting - Pitching for Tucson Toros : RHP Rex Jackson
|
|
Batting: LHB Lawrence Thomas
|
0-0: Ball 1-0: Called Strike 1-1: Foul Ball, location: 2F 1-2: Ball 2-2: SINGLE (Groundball, 4MD, EV 99.4 MPH)
|
|
Batting: SHB Razor Shines
|
0-0: Ball 1-0: Fielders Choice at 2nd, 1-6 (Groundball, P, EV 73.8 MPH)
|
|
Batting: LHB Gordon Hahn
|
0-0: Ball 1-0: Ball 2-0: Called Strike 2-1: Called Strike 2-2: Fly out, F8 (Flyball, 8RD, EV 91.3 MPH)
|
|
Batting: LHB Ernie Riles
|
0-0: Called Strike 0-1: Ball 1-1: Swinging Strike 1-2: Ground out 5-3 (Groundball, 56S, EV 62.5 MPH)
|
| Top of the 3rd over - 0 runs, 1 hit, 0 errors, 1 left on base; Phoenix 0 - Tucson 0 |
| BOTTOM OF THE 3RD |
|
Tucson Toros batting - Pitching for Phoenix Giants : RHP Phil Huffman
|
|
Batting: LHB Jeremy Penk
|
0-0: Called Strike 0-1: Called Strike 0-2: Ball 1-2: Fly out, F2 (Popup, 15S, EV 93.1 MPH)
|
|
Batting: SHB Kevin King
|
0-0: Foul Ball, location: 2F 0-1: Ball 1-1: Called Strike 1-2: Ball 2-2: Strikes out looking
|
|
Batting: SHB Michael Miara
|
0-0: Ball 1-0: Ball 2-0: Called Strike 2-1: Called Strike 2-2: Ball 3-2: Ground out 4-3 (Groundball, 4S, EV 91.9 MPH)
|
| Bottom of the 3rd over - 0 runs, 0 hits, 0 errors, 0 left on base; Phoenix 0 - Tucson 0 |
| TOP OF THE 4TH |
|
Phoenix Giants batting - Pitching for Tucson Toros : RHP Rex Jackson
|
|
Batting: SHB John Macauley
|
0-0: Ball 1-0: Ball 2-0: Called Strike 2-1: Foul Ball, location: 2F 2-2: Strikes out swinging
|
|
Batting: RHB Billy L Smith
|
0-0: Ball 1-0: Ball 2-0: Called Strike 2-1: Foul Ball, location: 2F 2-2: Ball 3-2: Strikes out swinging
|
|
Batting: LHB Bobby V Mitchell
|
0-0: Called Strike 0-1: Ground out 4-3 (Groundball, 4, EV 83.8 MPH)
|
| Top of the 4th over - 0 runs, 0 hits, 0 errors, 0 left on base; Phoenix 0 - Tucson 0 |
| BOTTOM OF THE 4TH |
|
Tucson Toros batting - Pitching for Phoenix Giants : RHP Phil Huffman
|
|
Batting: LHB Danny Garcia
|
0-0: Foul Ball, location: 2F 0-1: Ball 1-1: Ball 2-1: Foul Ball, location: 2F 2-2: Ground out 6-3 (Groundball, 6, EV 100.0 MPH)
|
|
Batting: RHB Talmadge Tanks
|
0-0: Ball 1-0: Ball 2-0: Foul Ball, location: 2F 2-1: Called Strike 2-2: Foul Ball, location: 2F 2-2: SINGLE (Groundball, 56D, EV 100.0 MPH) (infield hit)
|
|
Batting: RHB Kevin McReynolds
|
0-0: SINGLE (Line Drive, 4M, EV 98.1 MPH) Talmadge Tanks to second
|
|
Batting: LHB Tim Krauss
|
0-0: Foul Ball, location: 2F 0-1: Ball 1-1: Ball 2-1: Swinging Strike 2-2: Strikes out swinging
|
|
Batting: LHB Pat Dodson
|
0-0: Ball 1-0: 3-RUN HOME RUN (Flyball, 89XD, EV 101.3 MPH), Distance : 406 ft
|
|
Batting: RHB David Holmes
|
0-0: Foul Ball, location: 2F 0-1: Swinging Strike 0-2: Foul Ball, location: 2F 0-2: Ball 1-2: Foul Ball, location: 2F 1-2: Strikes out looking
|
| Bottom of the 4th over - 3 runs, 3 hits, 0 errors, 0 left on base; Phoenix 0 - Tucson 3 |
| TOP OF THE 5TH |
|
Phoenix Giants batting - Pitching for Tucson Toros : RHP Rex Jackson
|
|
Batting: LHB Raymond Rivas
|
0-0: Called Strike 0-1: Swinging Strike 0-2: Strikes out swinging
|
|
Batting: LHB Joseph Bruno
|
0-0: Ball 1-0: Ground out 5-3 (Groundball, 5, EV 83.1 MPH)
|
|
Batting: LHB Lawrence Thomas
|
0-0: Ball 1-0: Ball 2-0: Swinging Strike 2-1: Ground out 6-3 (Groundball, 6, EV 98.8 MPH)
|
| Top of the 5th over - 0 runs, 0 hits, 0 errors, 0 left on base; Phoenix 0 - Tucson 3 |
| BOTTOM OF THE 5TH |
|
Tucson Toros batting - Pitching for Phoenix Giants : RHP Phil Huffman
|
|
Batting: LHB Jeremy Penk
|
0-0: Ball 1-0: Called Strike 1-1: Ground out 4-3 (Groundball, 4, EV 83.8 MPH)
|
|
Batting: SHB Kevin King
|
0-0: Called Strike 0-1: Ball 1-1: SOLO HOME RUN (Flyball, 7D, EV 106.3 MPH), Distance : 372 ft
|
|
Batting: SHB Michael Miara
|
0-0: Called Strike 0-1: Ball 1-1: Swinging Strike 1-2: Ball 2-2: Ground out 5-3 (Groundball, 25, EV 77.5 MPH)
|
|
Batting: LHB Danny Garcia
|
0-0: Ball 1-0: Called Strike 1-1: Ground out 4-3 (Groundball, 4S, EV 75.0 MPH)
|
| Bottom of the 5th over - 1 run, 1 hit, 0 errors, 0 left on base; Phoenix 0 - Tucson 4 |
| TOP OF THE 6TH |
|
Phoenix Giants batting - Pitching for Tucson Toros : RHP Rex Jackson
|
|
Batting: SHB Razor Shines
|
0-0: Called Strike 0-1: Ball 1-1: Foul Ball, location: 2F 1-2: Ground out 6-3 (Groundball, 6, EV 93.1 MPH)
|
|
Batting: LHB Gordon Hahn
|
0-0: Fly out, F6 (Popup, 6MS, EV 83.8 MPH)
|
|
Batting: LHB Ernie Riles
|
0-0: Ball 1-0: SINGLE (Groundball, 5S, EV 75.0 MPH) (infield hit)
|
|
Batting: SHB John Macauley
|
0-0: Called Strike 0-1: Called Strike 0-2: Fly out, F3 (Line Drive, 3, EV 68.8 MPH)
|
| Top of the 6th over - 0 runs, 1 hit, 0 errors, 1 left on base; Phoenix 0 - Tucson 4 |
| BOTTOM OF THE 6TH |
|
Tucson Toros batting - Pitching for Phoenix Giants : RHP Phil Huffman
|
|
Batting: RHB Talmadge Tanks
|
0-0: Called Strike 0-1: Swinging Strike 0-2: Ball 1-2: Fly out, F7 (Flyball, 7, EV 90.6 MPH)
|
|
Batting: RHB Kevin McReynolds
|
0-0: Ball 1-0: DOUBLE (Line Drive, 78XD, EV 106.9 MPH)
|
|
Batting: LHB Tim Krauss
|
0-0: Ground out 4-3 (Groundball, 4, EV 84.4 MPH) Kevin McReynolds to third
|
|
Batting: LHB Pat Dodson
|
0-0: Called Strike 0-1: Ball 1-1: Ball 2-1: Foul Ball, location: 2F 2-2: Ball 3-2: Foul Ball, location: 2F 3-2: Ground out 4-3 (Groundball, 4, EV 96.3 MPH)
|
| Bottom of the 6th over - 0 runs, 1 hit, 0 errors, 1 left on base; Phoenix 0 - Tucson 4 |
| TOP OF THE 7TH |
|
Phoenix Giants batting - Pitching for Tucson Toros : RHP Rex Jackson
|
|
Batting: RHB Billy L Smith
|
0-0: Ball 1-0: Ground out 4-3 (Groundball, 4MS, EV 68.1 MPH)
|
|
Batting: LHB Bobby V Mitchell
|
0-0: Called Strike 0-1: Fly out, F7 (Line Drive, 7, EV 91.3 MPH)
|
|
Batting: LHB Raymond Rivas
|
0-0: Ball 1-0: Fly out, F8 (Flyball, 89M, EV 90.0 MPH)
|
| Top of the 7th over - 0 runs, 0 hits, 0 errors, 0 left on base; Phoenix 0 - Tucson 4 |
| BOTTOM OF THE 7TH |
|
Tucson Toros batting - Pitching for Phoenix Giants : RHP Phil Huffman
|
|
Batting: RHB David Holmes
|
0-0: Ball 1-0: Ground out U3 (Groundball, 34, EV 99.4 MPH)
|
|
Batting: LHB Jeremy Penk
|
0-0: Called Strike 0-1: Fly out, F8 (Flyball, 8LD, EV 93.1 MPH)
|
|
Batting: SHB Kevin King
|
0-0: Ball 1-0: Ground out U3 (Groundball, 3, EV 91.3 MPH)
|
| Bottom of the 7th over - 0 runs, 0 hits, 0 errors, 0 left on base; Phoenix 0 - Tucson 4 |
| TOP OF THE 8TH |
|
Phoenix Giants batting - Pitching for Tucson Toros : RHP Rex Jackson
|
|
Batting: LHB Joseph Bruno
|
0-0: Called Strike 0-1: Foul Ball, location: 2F 0-2: Ground out 4-3 (Groundball, 34, EV 89.4 MPH)
|
|
Batting: LHB Lawrence Thomas
|
0-0: Reached on error, E6 (Flyball, 56D, EV 87.5 MPH)
|
|
Batting: SHB Razor Shines
|
0-0: Swinging Strike 0-1: Ball 1-1: Ball 2-1: Fly out, F9 (Flyball, 9LS, EV 88.8 MPH)
|
|
Batting: LHB Gordon Hahn
|
0-0: Ball 1-0: Ball 2-0: Called Strike 2-1: Called Strike 2-2: Fly out, F7 (Line Drive, 7, EV 86.9 MPH)
|
| Top of the 8th over - 0 runs, 0 hits, 1 error, 1 left on base; Phoenix 0 - Tucson 4 |
| BOTTOM OF THE 8TH |
|
Tucson Toros batting - Pitching for Phoenix Giants : RHP Phil Huffman
|
|
Pitching: RHP Phillip Welch
|
|
|
Batting: SHB Michael Miara
|
0-0: Fly out, F6 (Popup, 6M, EV 75.6 MPH)
|
|
Batting: LHB Danny Garcia
|
0-0: Called Strike 0-1: SINGLE (Flyball, 4D, EV 94.4 MPH)
|
|
Batting: RHB Talmadge Tanks
|
0-0: Called Strike 0-1: Foul Ball, location: 2F 0-2: Fly out, F7 (Flyball, 7LS, EV 70.0 MPH)
|
|
Batting: RHB Kevin McReynolds
|
0-0: 2-RUN HOME RUN (Line Drive, 7LD, EV 103.8 MPH), Distance : 363 ft
|
|
Batting: LHB Tim Krauss
|
0-0: Ball 1-0: Ball 2-0: Ground out 5-3 (Groundball, 56, EV 78.8 MPH)
|
| Bottom of the 8th over - 2 runs, 2 hits, 0 errors, 0 left on base; Phoenix 0 - Tucson 6 |
| TOP OF THE 9TH |
|
Phoenix Giants batting - Pitching for Tucson Toros : RHP Rex Jackson
|
|
Batting: LHB Ernie Riles
|
0-0: Ball 1-0: Foul Ball, location: 2F 1-1: Ground out 4-3 (Groundball, 4, EV 86.3 MPH)
|
|
Batting: SHB John Macauley
|
0-0: Fly out, F8 (Flyball, 8LD, EV 101.9 MPH)
|
|
Batting: RHB Billy L Smith
|
0-0: Fly out, F7 (Flyball, 7LS, EV 91.9 MPH)
|
| Top of the 9th over - 0 runs, 0 hits, 0 errors, 0 left on base; Phoenix 0 - Tucson 6 |
|